AoeStats
← Cero

Arena

507639538Analyzed
4v4 RM · 12d ago on Sep 19, 2026· 42m 54s· 8 players
Game mode
Random Map
Map size
Large (8 player)
Population
200
Speed
Normal
Resources
Standard
Victory
Conquest
Starting age
Dark Age
Ending age
Imperial Age
RankedLock teamsTeams togetherTeam positionsShared explorationLock speedFull tech treeHidden civsTurbo modeCheats
Victory
Defeat
🇨🇳 Franks · China
996
+12
🇨🇦 Hindustanis · Canada
952
+14
🇺🇸 Ethiopians · United States
926
+15
🇵🇪 Mongols · Peru
923
+15
🇯🇵 Teutons · Japan
974
-17
🇩🇪 Bulgarians · Germany
944
-16
🇺🇸 Spanish · United States
928
-15
🇫🇷 Portuguese · France
750
-21
mholton14
11:11 Feudal Age
11:39 Double-Bit Axe
16:36 Castle Age
14:43 Gold Mining
15:56 Scale Mail Armor
18:21 Wheelbarrow
18:38 Gold Shaft Mining
18:13 Fletching
18:27 Crossbowman
21:32 Bow Saw
21:47 Stone Mining
22:49 Arson
23:36 Forging
24:11 Squires
25:43 Stone Shaft Mining
27:21 Elite Skirmisher
28:34 Padded Archer Armor
28:29 Bodkin Arrow
31:05 Ballistics
31:03 Leather Archer Armor
31:07 Hand Cart
35:47 Imperial Age
34:43 Thumb Ring
35:46 Chain Mail Armor
36:04 Arbalester
38:59 Chemistry
40:05 Conscription
John
7:15 Loom
10:43 Feudal Age
15:20 Castle Age
14:52 Double-Bit Axe
14:53 Horse Collar
20:07 Fervor
20:55 Scale Barding Armor
22:59 Heavy Plow
25:11 Wheelbarrow
25:12 Forging
25:29 Bloodlines
27:08 Husbandry
28:07 Hand Cart
28:33 Chain Barding Armor
28:48 Iron Casting
28:32 Gold Mining
30:27 Gold Shaft Mining
33:28 Imperial Age
31:22 Light Cavalry
32:29 Bow Saw
31:59 Pikeman
32:40 Squires
32:44 Scale Mail Armor
32:36 Fletching
33:26 Grand Trunk Road
34:23 Chain Mail Armor
34:04 Bodkin Arrow
34:35 Ballistics
35:04 Caravan
36:21 Conscription
36:10 Shatagni
37:14 Blast Furnace
36:50 Plate Barding Armor
36:33 Arson
36:29 Heavy Camel Rider
37:35 Masonry
38:27 Chemistry
39:41 Bracer
39:42 Padded Archer Armor
39:56 Elite Ghulam
41:12 Hoardings
40:38 Murder Holes
41:14 Imperial Camel Rider
Mr.Young
10:56 Feudal Age
14:40 Castle Age
12:37 Double-Bit Axe
23:33 Wheelbarrow
24:44 Bow Saw
27:46 Imperial Age
25:56 Gold Mining
26:19 Scale Barding Armor
26:07 Loom
28:13 Chain Barding Armor
28:29 Gold Shaft Mining
28:57 Hand Cart
29:55 Plate Barding Armor
28:45 Cavalier
29:25 Husbandry
30:13 Forging
30:28 Conscription
30:12 Town Watch
30:17 Paladin
32:48 Iron Casting
34:34 Blast Furnace
35:14 Fletching
36:52 Chemistry
36:12 Ballistics
39:05 Light Cavalry
Fckboy
15:37 Feudal Age
16:43 Double-Bit Axe
19:50 Castle Age
17:36 Horse Collar
20:05 Wheelbarrow
21:08 Bow Saw
21:01 Heavy Plow
23:11 Hand Cart
24:56 Loom
25:57 Gold Mining
26:13 Stone Mining
27:33 Forging
29:56 Gold Shaft Mining
30:01 Bloodlines
29:52 Husbandry
33:00 Imperial Age
30:40 Scale Barding Armor
31:49 Iron Casting
32:25 Chain Barding Armor
32:20 Scale Mail Armor
33:54 Chain Mail Armor
33:07 Capped Ram
35:02 Blast Furnace
35:17 Drill
34:36 Elite Steppe Lancer
36:05 Siege Ram
37:02 Pikeman
38:37 Plate Mail Armor
Cero
5:21 Loom
12:14 Feudal Age
15:55 Castle Age
15:27 Horse Collar
16:40 Wheelbarrow
21:16 Double-Bit Axe
25:34 Scale Barding Armor
31:07 Imperial Age
29:48 Hand Cart
29:38 Gold Mining
29:58 Stone Mining
32:21 Conscription
33:55 Chemistry
33:24 Ballistics
34:52 Pikeman
36:34 Scale Mail Armor
37:49 Halberdier
40:40 Chain Mail Armor
40:36 Forging
40:58 Squires
irish09
11:26 Feudal Age
13:03 Loom
16:15 Castle Age
15:17 Bloodlines
15:08 Double-Bit Axe
16:16 Forging
17:15 Horse Collar
20:48 Gold Mining
23:45 Heavy Plow
23:59 Bow Saw
26:20 Wheelbarrow
31:25 Imperial Age
30:57 Hand Cart
31:03 Masonry
31:33 Scale Barding Armor
32:09 Iron Casting
31:42 Town Watch
31:52 Cavalier
34:16 Chain Barding Armor
35:25 Paladin
37:59 Blast Furnace
38:41 Plate Barding Armor
39:59 Fletching
YoumuKonpaku
10:00 Feudal Age
15:04 Wheelbarrow
19:20 Horse Collar
20:10 Double-Bit Axe
26:17 Castle Age
27:23 Hand Cart
31:24 Heavy Plow
34:57 Imperial Age
Morphman
12:26 Feudal Age
14:44 Loom
17:17 Castle Age
15:34 Double-Bit Axe
17:29 Horse Collar
23:39 Fletching
24:04 Bodkin Arrow
27:02 Wheelbarrow
27:13 Arson
32:24 Imperial Age
29:54 Gambesons
30:13 Squires
30:16 Scale Mail Armor
30:29 Forging
30:56 Bow Saw
30:49 Heavy Plow
31:27 Caravan
32:14 Hand Cart
33:32 Chain Mail Armor
33:09 Pikeman
33:43 Halberdier
36:55 Bagains
37:16 Conscription
37:30 Plate Mail Armor
38:31 Iron Casting
Connection lost

Rejoining the realm…

Still unreachable

The connection could not be restored.

Session expired

The server has moved on; the page needs a fresh start.